 Dungeon Crawl Stone Soup version 0.22-a0-409-gb855193 (webtiles) character file.

1192 KristoblXynda the Ruffian (level 8, 0/67 HPs)
             Began as a Troll Wizard on May 10, 2018.
             Slain by an ice beast (14 damage)
             ... on level 5 of the Dungeon.
             The game lasted 00:16:49 (5147 turns).

KristoblXynda the Ruffian (Troll Wizard)            Turns: 5147, Time: 00:16:49

Health: 0/67       AC:  6    Str: 16    XL:     8   Next: 20%
Magic:  10/10      EV: 10    Int: 16    God:
Gold:   349        SH:  0    Dex: 12    Spells: 4/11 levels left

rFire    + . .     SeeInvis .     - Unarmed
rCold    . . .     Gourm    +   (no shield)
rNeg     . . .     Faith    .   w - +1 robe "Veonar" {rF+}
rPois    .         Spirit   .   b - +0 hat
rElec    .         Reflect  .   (no cloak)
rCorr    .         Harm     .   (gloves unavailable)
MR       .....                  (boots unavailable)
Stlth    +++.......             (no amulet)
HPRegen  0.61/turn              e - ring of stealth
MPRegen  0.12/turn              n - +4 ring of dexterity

@: no status effects
A: large, unfitting armour, claws 3, fast metabolism 3, gourmand, regeneration
1, shaggy fur 1, tough skin 2
a: no special abilities


You were on level 5 of the Dungeon.
You were very full.

You visited 1 branch of the dungeon, and saw 6 of its levels.

You collected 349 gold pieces.

Inventory:

Hand Weapons
 s - the +7 rapier of Mixtog {pain, Int+6}
   (You found it on level 4 of the Dungeon)

   In the hands of one skilled in necromantic magic, it inflicts extra damage on
   living creatures.
   It affects your intelligence (+6).
Armour
 b - a +0 hat (worn)
 w - the +1 robe "Veonar" (worn) {rF+}
   (You found it on level 5 of the Dungeon)

   It protects you from fire.
Jewellery
 e - a ring of stealth (left claw)
 n - a +4 ring of dexterity (right claw)
Wands
 r - a wand of flame (35)
Scrolls
 a - a scroll of noise {unknown}
 c - 8 scrolls of remove curse
 f - a scroll of teleportation
 k - a scroll of fog
Potions
 g - a potion of haste {unknown}
 h - a potion of might {unknown}
 i - 10 potions of magic
 j - 4 potions of brilliance
 l - a potion of berserk rage {unknown}
 m - 2 potions of heal wounds
 o - a potion of agility {unknown}
 p - a potion of flight {unknown}
 q - 3 potions of curing
 t - a potion of mutation {unknown}
 u - a potion of lignification {unknown}
 v - 2 potions of resistance {unknown}
Comestibles
 d - 10 rations
 x - 2 chunks of flesh


   Skills:
 - Level 1.5 Dodging
 - Level 1.0 Stealth
 * Level 6.8 Unarmed Combat
 - Level 2.0 Spellcasting
 * Level 5.2 Conjurations
   Level 0.6 Summonings
   Level 0.6 Translocations


You had 4 spell levels left.
You knew the following spells:

 Your Spells              Type           Power        Failure   Level  Hunger
a - Magic Dart            Conj           ###.         2%          1    #......
b - Mephitic Cloud        Conj/Pois/Air  #.......     30%         3    ###....
c - Conjure Flame         Conj/Fire      ##......     22%         3    ###....


Dungeon Overview and Level Annotations

Branches:
Dungeon (6/15)
 Temple: D:4-7

Altars:
Fedhas
Xom

Shops:
D:5 *


Innate Abilities, Weirdness & Mutations

You are too large for most types of armour.
You have claws for hands.
Your metabolism is lightning-fast.
You like to eat raw meat.
Your natural rate of healing is unusually fast.
You are covered in fur. (AC +1)
You have very tough skin. (AC +2)


Message History

* * * LOW HITPOINT WARNING * * *
You scratch the ice beast but do no damage.
The ice beast is heavily wounded.
The ice beast hits you but does no damage.
You scratch the ice beast but do no damage.
The ice beast is heavily wounded.
The ice beast hits you but does no damage.
You closely miss the ice beast.
The ice beast is heavily wounded.
The ice beast hits you.
* * * LOW HITPOINT WARNING * * *
The ice beast freezes you!
* * * LOW HITPOINT WARNING * * *
There is an open door here.
You barely miss the ice beast.
The ice beast is heavily wounded.
The ice beast hits you.
* * * LOW HITPOINT WARNING * * *
The ice beast freezes you!
You die...

##...## ##(#########.#####
########.######.# #.........#
#............##.# #.###.###.#
#.#####..###.##+## #......##.#
#.##.....# #.#...## #..###.##.#
#.##.##..# #......###..# #.##.#
#.##.<#..###.......##..###.##.#
#........##.........#.........###
###.........>...@Y..'.......>....
##...####.(.......####...######
#..## ##.......#####..## #.##
##.....## #.....# #.# ##...##
#.#.#.# ####.# ##'## #.#.#.#
#....# #.# #.#.#.# #.##.### #.#
#.#...# #......## ##.## #.###.#


You could see an ice beast.

Vanquished Creatures
  Duvessa (D:4)
  An orc warrior (D:6)
  2 phantoms (D:6)
  2 centaurs (D:5)
  Dowan (D:4)
  A scorpion (D:6)
  A crimson imp (D:5)
  An orc priest (D:3)
  2 hounds
  A jelly (D:5)
  An iguana (D:6)
  3 worker ants (D:5)
  4 orc wizards
  6 gnolls
  5 adders
  An adder zombie (D:5)
  An adder skeleton (D:4)
  3 worms
  A dart slug (D:3)
  2 leopard geckos (D:3)
  10 orcs
  A ball python (D:1)
  8 bats
  3 giant cockroaches
  6 goblins
  8 hobgoblins
  12 jackals
  5 kobolds
  4 quokkas
  6 frilled lizards
  A leopard gecko skeleton (D:4)
  A leopard gecko zombie (D:5)
  7 rats
112 creatures vanquished.

Notes
Turn   | Place    | Note
-------+----------+-------------------------------------------
     0 | D:1      | KristoblXynda the Troll Wizard began the quest for the Orb.
     0 | D:1      | Reached XP level 1. HP: 16/16 MP: 2/2
   110 | D:1      | Reached skill level 1 in Conjurations
   192 | D:1      | Reached skill level 1 in Unarmed Combat
   209 | D:1      | Reached XP level 2. HP: 22/24 MP: 4/4
   653 | D:1      | Reached XP level 3. HP: 31/31 MP: 5/5
   806 | D:2      | Reached skill level 2 in Unarmed Combat
  1260 | D:3      | Reached XP level 4. HP: 22/39 MP: 6/6
  1487 | D:3      | Found a blossoming altar of Fedhas.
  1539 | D:3      | Reached skill level 3 in Unarmed Combat
  1539 | D:3      | Reached XP level 5. HP: 14/45 MP: 7/7
  2706 | D:4      | Noticed Dowan
  2707 | D:4      | Noticed Duvessa
  2721 | D:4      | Killed Duvessa
  2721 | D:4      | Reached skill level 4 in Unarmed Combat
  2721 | D:4      | Reached XP level 6. HP: 35/53 MP: 1/8
  2729 | D:4      | Killed Dowan
  2801 | D:4      | Learned a level 3 spell: Mephitic Cloud
  2805 | D:4      | Learned a level 3 spell: Conjure Flame
  2844 | D:4      | Found a shimmering altar of Xom.
  2867 | D:4      | Got a scorched rapier
  2871 | D:4      | Identified the +7 rapier of Mixtog {pain, Int+6} (You found it on level 4 of the Dungeon)
  3587 | D:5      | Entered Level 5 of the Dungeon
  3761 | D:5      | Got a wizard robe
  3772 | D:5      | Identified the +1 robe "Veonar" {rF+} (You found it on level 5 of the Dungeon)
  3876 | D:5      | Reached skill level 5 in Unarmed Combat
  3940 | D:5      | Reached XP level 7. HP: 41/59 MP: 9/9
  4257 | D:5      | Found Zeggoq's Assorted Antiques.
  4826 | D:6      | Reached skill level 6 in Unarmed Combat
  4969 | D:6      | Reached XP level 8. HP: 65/67 MP: 10/10
  4980 | D:6      | Reached skill level 5 in Conjurations
  5147 | D:5      | Slain by an ice beast

Vault maps used:
D:1:      lightli_arrival_noodles
D:2:      grunt_ministairs_11, minmay_misc_feat_rows
D:3:      lemuel_upstairs_altar, first_ration, fedhas_altar_3
D:4:      xom_teletrap_fun, hangedman_decor_push, fountainhead, uniq_duvessa
D:5:      serial_shops, nicolae_shop_overgrown_old_shop
D:6:      old_forge, uniq_crazy_yiuf_cottage

Skill      XL: |  1  2  3  4  5  6  7  8 |
---------------+-------------------------+-----
Conjurations   | 1 2 3 4 5 |  5.2
Unarmed Combat | 1 2 3 4 5 6 |  6.8
Dodging        | |  1.5
Stealth        | |  1.0
Spellcasting   | |  2.0
Summonings     | |  0.6
Translocations | |  0.6

Action                   |  1- 3 |  4- 6 |  7- 9 || total
-------------------------+-------+-------+-------++-------
Melee: Unarmed           |   155 |   188 |   109 ||   452
       Punch             |     1 |     1 |     1 ||     3
 Cast: Mephitic Cloud    |       |       |     1 ||     1
  Use: Scroll            |       |    10 |     1 ||    11
       Potion            |       |     1 |       ||     1
 Stab: Sleeping          |     3 |     4 |     1 ||     8
       Distracted        |       |     1 |       ||     1
       Confused          |       |       |     1 ||     1
  Eat: Chunk             |    15 |    24 |    13 ||    52
Armor: Robe              |    69 |    61 |    23 ||   153
Dodge: Dodged            |    93 |   115 |    49 ||   257

Table legend:
 A = Spawn XP
 B = Non-spawn XP
 C = Spawn XP percentage of total XP
 D = Spawn monster count
 E = Non-spawn monster count
 F = Spawn count percentage of total count
 G = Total turns spent on level
                    A         B        C        D         E        F      G
               +---------+---------+-------+---------+---------+-------+---------
         Total |       0 |    1703 |   0.0 |       0 |     112 |   0.0 |  5147
               +---------+---------+-------+---------+---------+-------+---------
           D:1 |       0 |      41 |   0.0 |       0 |      25 |   0.0 |   690
           D:2 |       0 |      53 |   0.0 |       0 |      16 |   0.0 |   657
           D:3 |       0 |     169 |   0.0 |       0 |      28 |   0.0 |  1295
           D:4 |       0 |     274 |   0.0 |       0 |       9 |   0.0 |   945
           D:5 |       0 |     531 |   0.0 |       0 |      20 |   0.0 |   974
           D:6 |       0 |     635 |   0.0 |       0 |      14 |   0.0 |   586
               +---------+---------+-------+---------+---------+-------+---------
